Map: Frozen Temple

Players

ReacH - Winner!

  • Race: Protoss Protoss
  • League: Diamond

HeuNg

  • Race: Terran Terran
  • League: Diamond

VOD

Have the link to the VOD?

Description

Time

  • Played on: April 23, 2016, 4:28 a.m.
  • Length: 8:22
Show
View Real Time Build Order
Export as new Build Order

ReacH Protoss - Winner!

Build Orders: 1 Gate Expand, Blink Stalkers 

Get SALT Encoding   

  12  0:01  Probe (Chrono Boost)  
  13  0:12  Probe (Chrono Boost)  
  14  0:18  Pylon  
  14  0:25  Probe (Chrono Boost)  
  15  0:36  Probe (Chrono Boost)  
  15  0:37  Gateway  
  16  0:44  Assimilator  
  16  0:47  Probe (Chrono Boost)  
  17  0:57  Probe (Chrono Boost)  
  18  1:08  Probe (Chrono Boost)  
  19  1:22  Nexus  
  20  1:25  Probe (Chrono Boost)  
  20  1:37  Cybernetics Core  
  20  1:40  Probe (Chrono Boost)  
  21  1:51  Probe (Chrono Boost)  
  22  1:55  Assimilator  
  22  2:02  Probe (Chrono Boost), Pylon  
  23  2:13  Probe (Chrono Boost)  
  23  2:20  Stalker (Chrono Boost)  
  25  2:24  Mothership Core  
  27  2:41  Pylon  
  27  2:43  Warp Gate  
  27  2:45  Probe x2 (Chrono Boost)  
  29  2:57  Probe x2 (Chrono Boost)  
  30  3:07  Probe (Chrono Boost)  
  30  3:08  Probe (Chrono Boost)  
  30  3:10  Twilight Council  
  32  3:18  Probe x2 (Chrono Boost)  
  32  3:19  Pylon  
  34  3:23  Stalker  
  36  3:28  Probe (Chrono Boost)  
  36  3:29  Probe (Chrono Boost)  
  36  3:33  Robotics Facility  
  38  3:37  Blink (Chrono Boost)  
  38  3:40  Pylon  
  38  3:41  Probe (Chrono Boost)  
  38  3:42  Probe (Chrono Boost)  
  40  3:52  Probe (Chrono Boost)  
  41  3:58  Probe  
  41  3:59  Stalker  
  44  4:07  Probe  
  45  4:10  Probe  
  45  4:11  Pylon  
  46  4:18  Gateway  
  46  4:20  Observer (Chrono Boost)  
  46  4:22  Probe  
  48  4:24  Gateway  
  48  4:30  Probe  
  49  4:38  Probe  
  49  4:42  Gateway  
  50  4:46  Pylon  
  50  4:48  Observer (Chrono Boost)  
  50  4:50  Probe  
  50  4:51  Probe  
  53  4:54  Nexus  
  53  5:01  Stalker  
  53  5:02  Probe  
  53  5:03  Probe  
  53  5:04  Assimilator  
  53  5:06  Assimilator  
  57  5:08  Observer (Chrono Boost)  
  57  5:13  Stalker  
  60  5:14  Probe  
  60  5:21  Pylon  
  60  5:22  Stalker  
  60  5:24  Resonating Glaives, Stalker  
  64  5:32  Pylon  
  64  5:35  Pylon  
  64  5:36  Probe x2  
  66  5:46  Stalker x2  
  69  5:57  Stalker x2  
  69  5:59  Probe  
  69  6:00  Probe  
  69  6:04  Probe, Warp Prism (Chrono Boost)  
  77  6:11  Probe  
  79  6:13  Probe  
  79  6:15  Probe  
  79  6:16  Assimilator  
  79  6:17  Assimilator  
  81  6:23  Probe  
  82  6:28  Pylon  
  82  6:29  Stalker x2  
  82  6:30  Stalker  
  86  6:48  Probe  
  86  6:49  Probe x2  
  86  6:52  Templar Archives  
  89  6:54  Forge  
  89  6:56  Immortal (Chrono Boost)  
  89  6:57  Forge  
  93  7:02  Probe  
  93  7:03  Pylon  
  93  7:06  Adept x2  
  100  7:09  Adept  
  100  7:11  Probe, Adept  
  100  7:13  Probe  
  104  7:25  Probe  
  104  7:26  Probe x2  
  103  7:46  Adept x4  
  103  7:47  Probe  
  103  7:48  Probe x2  
  114  7:57  Probe  
  114  8:00  Probe x2  
  111  8:07  High Templar x4  
  111  8:08  Probe  
  121  8:17  Pylon  
  121  8:18  Pylon  
Show
View Real Time Build Order
Export as new Build Order

HeuNg Terran 

Build Orders: Reaper Expand, MMM Bio 

Get SALT Encoding   

  12  0:00  SCV  
  13  0:13  SCV  
  14  0:17  Supply Depot  
  14  0:25  SCV  
  15  0:39  SCV  
  16  0:43  Barracks, Refinery  
  16  0:51  SCV  
  17  1:03  SCV  
  18  1:15  SCV  
  19  1:34  Orbital Command  
  19  1:35  Reaper  
  20  1:47  Command Center  
  20  1:57  Barracks  
  20  2:02  SCV  
  21  2:09  Barracks Reactor  
  21  2:16  Barracks  
  21  2:22  SCV  
  22  2:24  Supply Depot  
  22  2:34  SCV  
  23  2:45  Barracks Reactor  
  23  2:46  SCV, Barracks Tech Lab  
  23  2:47  Marine, Refinery  
  23  2:48  Marine  
  26  2:58  SCV  
  26  3:04  Barracks Reactor  
  28  3:08  Orbital Command  
  28  3:10  SCV  
  28  3:15  Marine x2  
  28  3:16  Marine  
  31  3:22  SCV  
  31  3:24  Factory  
  32  3:35  SCV  
  32  3:37  SCV, Stimpack  
  32  3:39  Marine  
  32  3:40  Marine  
  36  3:42  Refinery  
  36  3:46  Marine x2  
  36  3:47  SCV  
  39  3:49  SCV, Marine  
  40  3:55  Refinery  
  40  3:58  Engineering Bay  
  40  4:00  SCV  
  41  4:08  Factory Reactor  
  41  4:09  Supply Depot, Starport  
  41  4:11  SCV  
  41  4:14  SCV  
  41  4:15  Marine  
  44  4:22  Marine x2  
  46  4:27  Terran Infantry Weapons Level 1  
  48  4:31  SCV x2  
  48  4:34  Supply Depot  
  48  4:41  Marine x2  
  48  4:42  Marauder  
  48  4:44  SCV  
  53  4:55  Medivac x2  
  53  4:59  SCV  
  58  5:00  Supply Depot  
  58  5:05  Marine  
  60  5:07  SCV  
  60  5:11  SCV  
  61  5:25  Command Center  
  61  5:31  Marine x2  
  61  5:32  SCV  
  61  5:33  SCV  
  65  5:37  Combat Shields  
  65  5:38  Supply Depot  
  65  5:41  Supply Depot  
  65  5:52  SCV x2  
  64  6:05  Medivac x2  
  64  6:06  SCV x2  
  64  6:07  Marine  
  64  6:08  Barracks  
  64  6:09  Barracks  
  71  6:13  Marine x2  
  71  6:17  Marine x2  
  71  6:18  SCV x2  
  76  6:24  Terran Infantry Armor Level 1  
  77  6:29  Supply Depot  
  77  6:30  SCV  
  70  6:43  SCV  
  70  6:46  Marine x2  
  64  6:47  Marauder, Medivac x2  
  64  6:50  SCV  
  64  6:51  Marine x2  
  71  6:57  Barracks Tech Lab  
  71  7:00  Barracks Reactor  
  71  7:02  Orbital Command  
  71  7:04  Marine x2  
  71  7:08  Marine  
  74  7:09  Marine  
  74  7:10  Marine  
  76  7:22  Marauder, Marine x2  
  79  7:26  Marauder  
  79  7:27  Marine  
  79  7:28  Marine  
  83  7:39  Marine  
  83  7:40  Marine  
  83  7:43  Marauder  
  83  7:44  Marine x2  
  82  7:45  Medivac x2  
  82  7:47  Marauder  
Tags
 
Add a new tag
Caveats
  • Supply blocks, unpowered buildings, or Contaminate may cause inaccurate times.
  • Supply counts are checked every 10 seconds.